 Dungeon Crawl Stone Soup version 0.26-a0-466-g989023bd0d (webtiles) character file.

Game seed: 12932702038555040267

44527 MrRokkomies the Basher (level 13, -1/110 HPs)
             Began as a Palentonga Delver on July 28, 2020.
             Was a High Priest of Cheibriados.
             Killed from afar by a frost giant (23 damage)
             ... with a bolt of cold
             ... in an ice cave on July 29, 2020.
             The game lasted 01:05:34 (22775 turns).

MrRokkomies the Basher (Palentonga Delver)         Turns: 22775, Time: 01:05:35

Health: -1/110     AC: 14    Str: 36    XL:     13   Next: 96%
Magic:  12/21      EV: 14    Int: 23    God:    Cheibriados [*****.]
Gold:   1102       SH:  0    Dex: 26    Spells: 2/12 levels left

rFire    . . .     SeeInvis +   R - +4 great mace (protect)
rCold    + . .     Faith    .   (shield currently unavailable)
rNeg     + . .     Spirit   .   Y - +1 chain mail the Soft Catamount {rElec rN+ Str-2 Stlth+}
rPois    .         Reflect  .   m - +1 helmet
rElec    +         Harm     .   s - +1 cloak {rCorr}
rCorr    +                      z - +0 pair of gloves
MR       +....                  (boots restricted)
Stlth    +.........             U - amulet of regeneration
HPRegen  0.68/turn              f - ring of ice
MPRegen  0.17/turn              W - ring of Divine Intervention {rF+ MR+ Str+10 Int-5 Slay+2}

@: mighty, about to teleport, very slow
A: large, rugged brown scales 3, see invisible, deformed body, roll, armoured
tail
a: Rolling Charge, Bend Time, Temporal Distortion, Slouch, Step From Time,
Renounce Religion


You were in an ice cave.
You worshipped Cheibriados.
Cheibriados was extremely pleased with you.
You visited 2 branches of the dungeon, and saw 18 of its levels.
You also visited: Ossuary, Ice Cave and Volcano.

You collected 1342 gold pieces.
You spent 240 gold pieces at shops.

Inventory:

Hand Weapons
 a - a +2 great mace of freezing
 x - a +1 longbow of flaming
 R - a +4 great mace of protection (weapon)
Missiles
 h - 21 poisoned darts (quivered)
 q - 574 stones
 A - 20 arrows
 H - 15 boomerangs
 J - a throwing net
 Q - 12 javelins
Armour
 m - a +1 helmet (worn)
 n - a +0 ring mail of poison resistance
 s - a +1 cloak of preservation (worn)
 z - a +0 pair of gloves (worn)
 Y - the +1 chain mail the Soft Catamount (worn) {rElec rN+ Str-2 Stlth+}
   (You found it on level 4 of the Lair of Beasts)

   It affects your strength (-2).
   It insulates you from electricity.
   It protects you from negative energy.
   It makes you more stealthy.
Jewellery
 f - a ring of ice (left hand)
 B - an uncursed ring of fire
 D - an uncursed ring of magical power
 U - an amulet of regeneration (around neck)
 W - the ring of Divine Intervention (right hand) {rF+ MR+ Str+10 Int-5 Slay+2}
   (You found it on level 5 of the Lair of Beasts)

   [ring of protection from magic]

   It affects your strength (+10).
   It affects your intelligence (-5).
   It affects your accuracy and damage with ranged weapons and melee attacks
   (+2).
   It protects you from fire.
   It affects your resistance to hostile enchantments.
Wands
 b - a wand of clouds (6)
 g - a wand of digging (1)
 i - a wand of iceblast (13)
 C - a wand of enslavement (18)
 I - a wand of polymorph (18)
 K - a wand of flame (18)
 M - a wand of disintegration (22)
 V - a wand of acid (23)
 X - a wand of paralysis (4)
Scrolls
 c - 4 scrolls of fog
 j - 4 scrolls of immolation
 o - 7 scrolls of remove curse
 v - 7 scrolls of identify
 y - a scroll of amnesia
 P - a scroll of fear
Potions
 e - a potion of mutation
 k - 3 potions of stabbing
 l - 3 potions of brilliance
 p - 2 potions of flight
 r - a potion of invisibility
 t - 5 potions of curing
 u - 2 potions of cancellation
 w - 2 potions of might
 E - 2 potions of ambrosia
 F - a potion of magic
 L - 2 potions of resistance


   Skills:
 - Level 10.0 Fighting
   Level 8.4(11.1) Axes
 * Level 11.6(12.6) Maces & Flails
 + Level 3.4 Armour
 - Level 8.0 Dodging
 - Level 3.8 Stealth
 - Level 6.0 Summonings
 * Level 6.5 Ice Magic
 + Level 10.7 Invocations


You had 2 spell levels left.
You knew the following spells:

 Your Spells              Type           Power        Failure   Level
a - Call Canine Familiar  Summ           ####....     16%         3
b - Confusing Touch       Hex            #.......     88%         3
c - Summon Ice Beast      Ice/Summ       #####...     43%         4

Your spell library contained the following spells:

 Spells                   Type           Power        Failure   Level
 Summon Small Mammal      Summ           ####         5%          1
 Call Imp                 Summ           ####....     8%          2
 Corona                   Hex            #......      52%         1
 Magic Dart               Conj           #...         52%         1
 Searing Ray              Conj           #.....       67%         2
 Slow                     Hex            #.......     67%         2
 Summon Guardian Golem    Hex/Summ       ##......     47%         3
 Summon Lightning Spire   Summ/Air       ##......     87%         4
 Dazzling Flash           Conj/Hex       #.....       88%         3
 Gell's Gravitas          Tloc           #.........   88%         3
 Inner Flame              Hex/Fire       #.......     88%         3
 Portal Projectile        Hex/Tloc       #.....       88%         3
 Cause Fear               Hex            #.........   99%         4
 Fulminant Prism          Conj/Hex       #.........   99%         4
 Iskenderun's Mystic Bla  Conj/Tloc      #.......     99%         4
 Leda's Liquefaction      Hex/Erth       #.........   99%         4
 Petrify                  Tmut/Erth      #.......     99%         4
 Metabolic Englaciation   Hex/Ice        ###.......   99%         5
 Bolt of Magma            Conj/Fire/Erth #.........   100%        5
 Iskenderun's Battlesphe  Conj           #.......     100%        5
 Yara's Violent Unravell  Hex/Tmut       #.........   100%        5
 Iron Shot                Conj/Erth      #.........   100%        6
 Orb of Destruction       Conj           #.........   100%        7
 Spellforged Servitor     Conj/Summ      ##........   100%        7


Dungeon Overview and Level Annotations

Branches:
Dungeon (12/15)            Temple (0/1) D:4            Lair (6/6) D:9
 Shoals (0/4) Lair:4       Spider (0/4) Lair:2        Slime (0/5) Lair:6
    Orc (0/2) D:11        Ossuary (visited)           IceCv (1/1)
Volcano (visited)

Altars:
Ashenzari
Cheibriados
Dithmenos
Elyvilon
Fedhas
Makhleb
Nemelex Xobeh
Qazlal
Wu Jian
Xom
The Shining One

Shops:
D:6 *   D:8 *

Annotations:
D:4 1 runed translucent door, KristoblXynda's ghost, amateur DrGl
D:8 2 transporters, brujo666's ghost, journeyman FoDe
Lair:1 exclusion: 2 oklob plants
Lair:3 exclusion: oklob plant


Innate Abilities, Weirdness & Mutations

You are completely covered in rugged brown scales. (AC +3, +7% HP)
You have supernaturally acute eyesight. (SInv)
Armour fits poorly on your strangely shaped body.
You can roll at foes to attack.
You have a long armoured tail.


Message History

* * * LOW HITPOINT WARNING * * *
The polar bear closely misses you.
The polar bear claws you but does no damage.
The polar bear bites you.
* * * LOW HITPOINT WARNING * * *
The polar bear closely misses you.
The polar bear claws you but does no damage.
The death yak misses you.
Okay, then.
You beat the polar bear like a drum!!!
Your weapon exudes an aura of protection.
The polar bear is almost dead.
Your surroundings suddenly seem different.
Found an arbalest of freezing and a ring of ice.
As you read the scroll of teleportation, it crumbles to dust.
You feel strangely unstable.
The frost giant shouts!
The frost giant points at you and mumbles some strange words.
The bolt of cold hits you!! You resist.
You die...

### ##...#.#.### ..##
#.⌠...###Y.#
...#####.#.###.h###
#.....#####..##.C.##
##.....####..###...##
###....#...## .†...#
####...### ##...##
##### #..###:#
##@$.)=#
.......#)...# ##.####
#####


You could see a frost giant and a polar bear.

Vanquished Creatures
  Rupert (Lair:4)
  Nessos (Lair:5)
  A red draconian (Volcano)
  A great orb of eyes (D:12)
  Harold (D:7)
  3 hydras
  A centaur warrior (Volcano)
  6 death yaks
  Urug (D:10)
  An unseen horror (D:10)
  A necromancer (Lair:3)
  A lindwurm (Lair:1)
  A cyclops (D:11)
  A manticore (D:12)
  4 elephants
  An ice statue (IceCv)
  2 molten gargoyles (Volcano)
  A black mamba (Lair:1)
  6 cane toads
  2 rime drakes
  A yaktaur (Volcano)
  3 komodo dragons
  A hornet (D:9)
  12 polar bears
  A troll (D:12)
  6 slime creatures (D:12)
  7 hippogriffs
  5 dream sheep (Lair:6)
  34 yaks
  A wraith (D:12)
  2 fire bats (Volcano)
  2 wyverns (D:9)
  A basilisk (Lair:3)
  7 water moccasins
  An acid dragon (D:12)
  A porcupine (Lair:5)
  A phantom (D:5)
  3 sky beasts
  5 orc warriors
  9 ice beasts
  2 ogres
  2 elephant zombies (Lair:3)
  10 centaurs
  19 wolves (IceCv)
  5 crocodiles
  A komodo dragon zombie (Lair:3)
  3 big kobolds
  12 bullfrogs
  A gnoll sergeant (D:11)
  A wyvern zombie (D:8)
  10 scorpions
  A water moccasin skeleton (D:7)
  4 killer bees
  8 wights
  3 electric eels (Lair:3)
  2 howler monkeys (D:8)
  5 lava snakes (Volcano)
  A quasit (D:6)
  A basilisk zombie (Lair:3)
  6 hounds
  A human zombie (Ossuary)
  3 jellies
  9 orc wizards
  Crazy Yiuf (D:7)
  Jessica (D:2)
  Terence (D:3)
  An iguana (D:11)
  2 worker ants
  A crocodile zombie (Lair:3)
  A big kobold zombie (Ossuary)
  2 hound zombies
  A hound skeleton (D:5)
  4 mummies (Ossuary)
  A worker ant zombie (D:7)
  Robin (D:2)
  A howler monkey skeleton (D:5)
  8 gnolls
  15 adders
  A shadow imp (D:6)
  2 white imps
  2 ufetubi (D:6)
  4 oozes
  An adder zombie (Ossuary)
  2 adder skeletons
  4 worms
  11 leopard geckos
  32 orcs
  6 giant cockroaches
  16 goblins
  9 hobgoblins
  16 jackals
  8 quokkas
  8 bats
  3 frilled lizards
  2 goblin zombies (Ossuary)
  2 jackal zombies (Ossuary)
  29 kobolds
  A leopard gecko zombie (D:7)
  4 orc zombies (Ossuary)
  A quokka skeleton (D:7)
  7 rats
  A rat zombie (Ossuary)
  A fungus (D:4)
464 creatures vanquished.

Vanquished Creatures (collateral kills)
  A manticore (Lair:4)
  A bullfrog (D:7)
  2 killer bees (D:7)
4 creatures vanquished.

Vanquished Creatures (others)
  A two-headed ogre (D:12)
  A manticore (D:9)
  A centaur zombie (D:11)
  A centaur skeleton (D:11)
  A gargoyle (D:10)
  2 slime creatures (D:12)
  A yak (Lair:6)
  A basilisk (Lair:6)
  A killer bee (D:7)
  An orc warrior (D:10)
  2 sky beasts
  A crocodile (Lair:6)
  A gnoll sergeant (D:9)
  A worker ant (D:8)
  4 fungi
  2 plants (Lair:5)
22 creatures vanquished.

Grand Total: 490 creatures vanquished

Notes
Turn   | Place    | Note
-------+----------+-------------------------------------------
     0 | D:5      | MrRokkomies the Palentonga Delver began the quest for the
                  | Orb.
     0 | D:5      | Reached XP level 1. HP: 19/19 MP: 1/1
    33 | D:5      | Noticed a jelly
    53 | D:4      | Found a runed translucent door.
    61 | D:4      | Noticed KristoblXynda's ghost (amateur DrGl)
    99 | D:4      | Noticed an iguana
   182 | D:4      | Found a blossoming altar of Fedhas.
   385 | D:4      | Noticed a scorpion
   438 | D:3      | Reached XP level 2. HP: 25/25 MP: 2/2
  1063 | D:3      | Noticed Terence
  1483 | D:3      | Killed Terence
  1483 | D:3      | Reached XP level 3. HP: 11/31 MP: 3/3
  1489 | D:3      | Reached skill level 1 in Armour
  2098 | D:2      | Reached XP level 4. HP: 31/37 MP: 4/4
  2308 | D:2      | Noticed Robin
  2519 | D:2      | Killed Robin
  2897 | D:2      | Reached XP level 5. HP: 42/44 MP: 5/5
  3012 | D:2      | Noticed Jessica
  3025 | D:2      | Killed Jessica
  3539 | D:2      | Found a snail-covered altar of Cheibriados.
  3540 | D:2      | Found a burning altar of Makhleb.
  4517 | D:2      | Found a white marble altar of Elyvilon.
  4523 | D:2      | Became a worshipper of Cheibriados the Contemplative
  4599 | D:4      | Found a staircase to the Ecumenical Temple.
  4841 | D:4      | Found a shattered altar of Ashenzari.
  4996 | D:4      | Reached skill level 1 in Invocations
  4996 | D:4      | Reached XP level 6. HP: 51/52 MP: 6/6
  5361 | D:5      | Reached * piety under Cheibriados
  5361 | D:5      | Reached skill level 5 in Fighting
  5383 | D:5      | Reached XP level 7. HP: 21/59 MP: 3/8
  5707 | D:5      | Found a stormy altar of Qazlal.
  5815 | D:5      | Reached skill level 5 in Axes
  6061 | D:6      | Found a sand-covered staircase.
  6066 | Ossuary  | Entered an ossuary
  6516 | D:6      | Reached ** piety under Cheibriados
  6797 | D:6      | Reached XP level 8. HP: 68/68 MP: 7/10
  6883 | D:6      | Noticed a two-headed ogre
  7005 | D:6      | Learned a level 3 spell: Call Canine Familiar
  7009 | D:6      | Learned a level 3 spell: Confusing Touch
  7268 | D:6      | Found a sparkling altar of Nemelex Xobeh.
  7608 | D:6      | Found Fibluox's General Store.
  7628 | D:6      | Bought 2 potions of invisibility for 240 gold pieces
  7716 | D:7      | Found a glowing golden altar of the Shining One.
  7832 | D:7      | Found a runed translucent door.
  7833 | D:7      | Noticed Crazy Yiuf
  7839 | D:7      | Paralysed by Crazy Yiuf for 2 turns
  7846 | D:7      | Killed Crazy Yiuf
  8265 | D:7      | Reached *** piety under Cheibriados
  8393 | D:7      | Reached XP level 9. HP: 73/77 MP: 9/12
  9315 | D:8      | Noticed Harold
  9331 | D:7      | Reached skill level 5 in Invocations
  9573 | D:8      | Reached **** piety under Cheibriados
  9668 | D:7      | Killed Harold
  9790 | D:8      | Upgraded the game from 0.26-a0-451-gacbe401039 to
                  | 0.26-a0-466-g989023bd0d
  9829 | D:8      | Reached skill level 5 in Dodging
 10091 | D:8      | Found a transporter.
 10091 | D:8      | Noticed brujo666's ghost (journeyman FoDe)
 10092 | D:8      | Found a transporter.
 10181 | D:8      | Reached skill level 1 in Maces & Flails
 10190 | D:8      | Reached XP level 10. HP: 76/87 MP: 14/14
 10264 | D:8      | Found Kyvoicig's General Store.
 10405 | D:9      | Reached skill level 2 in Maces & Flails
 10785 | D:9      | Noticed a manticore
 10789 | D:9      | Banished a manticore
 10826 | D:9      | Found a staircase to the Lair.
 10869 | D:9      | Reached ***** piety under Cheibriados
 10884 | D:9      | Reached skill level 3 in Maces & Flails
 11280 | D:10     | Entered Level 10 of the Dungeon
 11649 | D:10     | Reached skill level 4 in Maces & Flails
 11862 | D:10     | Noticed Urug
 11878 | D:10     | Killed Urug
 12148 | D:10     | Found a shadowy altar of Dithmenos.
 12201 | D:10     | Reached skill level 10 in Fighting
 12428 | D:10     | Noticed a gargoyle
 12428 | D:10     | Noticed an unseen horror
 12431 | D:10     | Banished a gargoyle
 12431 | D:10     | Reached skill level 5 in Maces & Flails
 12433 | D:10     | Killed an unseen horror
 12433 | D:10     | Reached skill level 1 in Summonings
 12499 | D:11     | Reached XP level 11. HP: 96/96 MP: 16/16
 12641 | D:11     | Found a shimmering altar of Xom.
 12959 | D:11     | Found a staircase to the Orcish Mines.
 13210 | D:11     | You fall into a shaft and drop 1 floor!
 13213 | D:12     | Reached skill level 6 in Maces & Flails
 13586 | D:12     | Reached ****** piety under Cheibriados
 13714 | D:12     | Noticed a two-headed ogre
 13720 | D:12     | Banished a two-headed ogre
 13837 | D:12     | Reached skill level 7 in Maces & Flails
 14894 | D:12     | Noticed a fire giant
 14894 | D:12     | Noticed a phantasmal warrior
 14894 | D:12     | Noticed a flayed ghost
 14894 | D:12     | Noticed an ettin
 14910 | D:12     | Noticed a great orb of eyes
 14910 | D:12     | an ettin changed into a great orb of eyes
 14916 | D:12     | Killed a great orb of eyes
 15215 | D:11     | Found an ornate altar of the Wu Jian Council.
 15221 | D:11     | Got a fine leather armour
 15232 | D:11     | Identified the cursed +0 leather armour of Defence {rElec
                  | rN++ MP+9 Int-5} (You found it on level 11 of the Dungeon)
 15632 | Lair:1   | Entered Level 1 of the Lair of Beasts
 15635 | Lair:1   | Noticed a lindwurm
 15639 | Lair:1   | Found a dark tunnel.
 15646 | Lair:1   | Killed a lindwurm
 15650 | Volcano  | Entered a volcano
 16127 | Volcano  | Found a radiant altar of Vehumet.
 16127 | Volcano  | Noticed a centaur warrior
 16132 | Volcano  | Killed a centaur warrior
 16132 | Volcano  | Reached skill level 5 in Summonings
 16230 | Volcano  | Reached XP level 12. HP: 89/103 MP: 18/18
 16244 | Volcano  | Reached skill level 8 in Maces & Flails
 16339 | Volcano  | Noticed a red draconian
 16350 | Volcano  | Killed a red draconian
 17325 | Lair:1   | Noticed an eight-headed hydra
 17331 | Lair:1   | Killed an eight-headed hydra
 18012 | Lair:2   | Found a hole to the Spider Nest.
 18198 | Lair:2   | Learned a level 4 spell: Summon Ice Beast
 18618 | Lair:3   | Reached skill level 1 in Ice Magic
 18842 | Lair:3   | Got a smoking leather armour
 18853 | Lair:3   | Identified the +0 leather armour "Diqai" {rN+ MR- Dex+4}
                  | (You found it on level 3 of the Lair of Beasts)
 18920 | Lair:3   | Reached skill level 9 in Maces & Flails
 19190 | Lair:3   | Noticed a seven-headed hydra
 19198 | Lair:3   | Killed a seven-headed hydra
 20203 | Lair:4   | Found a staircase to the Shoals.
 20203 | Lair:4   | Noticed Rupert
 20214 | Lair:4   | Noticed a death yak
 20282 | Lair:4   | Noticed a death yak
 20373 | Lair:3   | Killed a death yak
 20392 | Lair:4   | Noticed a death yak
 20398 | Lair:3   | Killed a death yak
 20398 | Lair:3   | Reached skill level 10 in Maces & Flails
 20582 | Lair:3   | Killed a death yak
 20582 | Lair:3   | Reached XP level 13. HP: 93/110 MP: 20/20
 20775 | Lair:4   | Got a smoking chain mail
 20796 | Lair:4   | Killed Rupert
 20918 | Lair:4   | Identified the +1 chain mail the Soft Catamount {rElec rN+
                  | Str-2 Stlth+} (You found it on level 4 of the Lair of
                  | Beasts)
 21432 | Lair:5   | Got a glittering lead ring
 21434 | Lair:5   | Identified the ring of Divine Intervention {rF+ MR+ Str+10
                  | Int-5 Slay+2} (You found it on level 5 of the Lair of
                  | Beasts)
 21507 | Lair:5   | Reached skill level 10 in Invocations
 21890 | Lair:5   | Reached skill level 5 in Ice Magic
 21897 | Lair:5   | Got a fading mace
 21898 | Lair:5   | Identified the cursed +1 mace of Limest {speed, rElec MR+}
                  | (You found it on level 5 of the Lair of Beasts)
 21916 | Lair:5   | Noticed Nessos
 21936 | Lair:5   | Killed Nessos
 22107 | Lair:5   | You fall into a shaft and drop 1 floor!
 22107 | Lair:6   | Entered Level 6 of the Lair of Beasts
 22123 | Lair:6   | Reached skill level 11 in Maces & Flails
 22186 | Lair:6   | Found a frozen archway.
 22219 | IceCv    | Entered an ice cave
 22764 | IceCv    | Noticed a frost giant
 22775 | IceCv    | Killed from afar by a frost giant

Illustrated notes

Levels and vault maps discovered:
D:1:      sevenhm_arrival_forest_fort_small_3, layout_rooms,
          minmay_misc_feat_diagonals, st_stairs_8
D:2:      layout_basic, nicolae_overflow_hidden_temple,
          kennysheep_generic_room_16, uniq_robin, uniq_jessica
D:3:      layout_basic, uniq_terence
D:4:      layout_gridville, fedhas_altar_3, minmay_temple_entry_slanted,
          ebering_ghost_reflecting_pool, minmay_misc_feat_five,
          grunt_ashenzari_visionary [grunt_ashenzari_visionary_shoals,
          grunt_ashenzari_visionary_spider]
D:5:      layout_rooms, grunt_qazlal_sundering, grunt_ministairs_14,
          kennysheep_generic_room_15
D:6:      layout_basic, serial_shops, shop_coins,
          lightli_ossuary_entry_decrepit_ruins, nemelex_dance_club_becter
D:7:      layout_loops_ring, nicolae_overflow_crystal_walls,
          uniq_crazy_yiuf_cottage
D:8:      layout_rooms, serial_shops, shop_fountains, gammafunk_ghost_mausoleum,
          serial_park_tiny_2, minmay_misc_feat_rugged, uniq_harold
D:9:      layout_loops_ring, lair_entry_dummy
D:10:     layout_basic, basic_altar, uniq_urug
D:11:     layout_loops_corners, orc_0_dummy, basic_altar, xom_teletrap_fun
D:12:     layout_basic, minivault_25_ag
Lair:1:   dpeg_oklob_gauntlet, layout_gridlike, nicolae_volcano_entry_vermiform
Lair:2:   layout_roguey, dummy_spider_entry
Lair:3:   pond_and_an_island_with_a_cottage, layout_cellular_growth,
          serial_bayou_shore_b, grunt_megastairs_4
Lair:4:   layout_long_grid, minmay_shoals_entry_beasts, grunt_megastairs_1,
          uniq_rupert
Lair:5:   layout_misc_corridors, uniq_nessos
Lair:6:   evilmike_catoblepas_cave, layout_regular_city,
          nicolae_slime_entry_slimehenge, portal_ice_cave_entry_ice_beasts,
          grunt_megastairs_5
IceCv:    ice_cave_caverns_01

Skill      XL: |  1  2  3  4  5  6  7  8  9 10 11 12 13 |
---------------+----------------------------------------+-----
Armour         | 1 3 |  3.4
Dodging        | 2 3 4 5 6 7 8 |  8.0
Axes           | 3 4 5 7 8 |  8.4
Fighting       | 4 5 6 7 8 10 | 10.0
Invocations    | 1 2 3 4 5 7 8 9 10 | 10.7
Maces & Flails | 1 5 7 10 11 | 11.6
Summonings     | 1 5 6 |  6.0
Ice Magic      | 3 6 |  6.5
Stealth        | |  3.8

Action                   |  1- 3 |  4- 6 |  7- 9 | 10-12 | 13-15 || total
-------------------------+-------+-------+-------+-------+-------++-------
Melee: Hand axe          |   114 |   193 |   255 |       |       ||   562
       Tailslap          |    14 |    30 |    47 |   106 |    60 ||   257
       War axe           |       |    47 |       |       |       ||    47
       Great mace        |       |       |    24 |   451 |   253 ||   728
 Fire: Hunting sling     |       |       |     2 |       |       ||     2
Throw: Dart              |       |     5 |     8 |    22 |    14 ||    49
       Throwing net      |       |       |       |       |     1 ||     1
 Cast: Summon Ice Beast  |       |       |       |     3 |     2 ||     5
Invok: Bend Time         |       |       |     2 |     1 |       ||     3
       Temporal Distorti |       |       |       |     1 |       ||     1
       Slouch            |       |       |       |     4 |     2 ||     6
       Step From Time    |       |       |       |     1 |     1 ||     2
 Abil: Rolling Charge    |     4 |     5 |    18 |    37 |     1 ||    65
Evoke: Wand              |       |       |     6 |    15 |    11 ||    32
  Use: Scroll            |     6 |     1 |    10 |    19 |     6 ||    42
       Potion            |       |     3 |     7 |     2 |     2 ||    14
 Stab: Sleeping          |     1 |     6 |    15 |    14 |       ||    36
       Fleeing           |       |     1 |       |       |       ||     1
       Invisible         |       |       |     2 |       |       ||     2
       Distracted        |       |       |       |     3 |       ||     3
       Held in net/web   |       |       |       |       |     2 ||     2
       Paralysed         |       |       |       |       |     2 ||     2
Armor: Leather armour    |    26 |       |       |       |       ||    26
       Ring mail         |    13 |   116 |   119 |   151 |     2 ||   401
       Skin              |       |       |    12 |    16 |       ||    28
       Chain mail        |       |       |       |       |   122 ||   122
Dodge: Dodged            |    55 |   115 |   171 |   354 |   214 ||   909

Table legend: (Time is in decaauts)
 A = Elapsed time spent in this place.
 B = Non-inter-level travel time spent in this place.
 C = Inter-level travel time spent in this place.
 D = Time resting spent in this place.
 E = Time spent auto-exploring this place.
 F = Levels seen in this place.
 G = Mean time per level.
                   A        B        C        D        E       F      G
               +--------+--------+--------+--------+--------+-----+--------+
         Total |  29986 |  28348 |   1638 |   6522 |  17219 |  21 | 1427.9 |
       Dungeon |  19238 |  18138 |   1100 |   4094 |  11170 |  12 | 1603.2 |
          Lair |   8103 |   7566 |    537 |   1608 |   4946 |   6 | 1350.5 |
       Ossuary |    447 |    447 |      0 |    205 |    154 |   1 |  447.0 |
      Ice Cave |    780 |    780 |      0 |     86 |    456 |   1 |  780.0 |
       Volcano |   1414 |   1414 |      0 |    528 |    491 |   1 | 1414.0 |
               +--------+--------+--------+--------+--------+-----+--------+

Top non-repeatable levels by time:
    D:12: 2580 daAuts
  Lair:3: 2517 daAuts
     D:7: 2324 daAuts
    D:11: 1951 daAuts
  Lair:1: 1845 daAuts
     D:2: 1759 daAuts
     D:3: 1756 daAuts
    D:10: 1672 daAuts
  Lair:4: 1659 daAuts
     D:9: 1649 daAuts
     D:6: 1512 daAuts
 Volcano: 1414 daAuts
     D:5: 1195 daAuts
  Lair:2: 1145 daAuts
     D:8: 1110 daAuts
